 Dungeon Crawl Stone Soup version 0.28.0-47-ge53b351184 (webtiles) character file.

Game seed: 216750502767280773

1097 Zeld the Conjurer (level 8, -9/58 (67) HPs)
             Began as a Pale Draconian Conjurer on Apr 29, 2022.
             Mangled by a wight
             ... wielding a +3 flail
              (11 damage)
             ... on level 6 of the Dungeon.
             The game lasted 00:07:28 (6230 turns).

Zeld the Conjurer (Pale Draconian Conjurer)         Turns: 6230, Time: 00:07:28

HP:   -9/58 (67)    AC:  7    Str:  9    XL:     8   Next: 10%
MP:   7/14          EV: 13    Int: 21    God:
Gold: 228           SH:  0    Dex: 13    Spells: 4/15 levels left

rFire   . . .      SeeInvis .   p - +12 quarterstaff of Goujaref {venom, Dex+3}
rCold   . . .      Faith    .   (shield currently unavailable)
rNeg    . . .      Spirit   .   (armour unavailable)
rPois   +          Reflect  .   (helmet restricted)
rElec   .          Harm     .   u - +0 cloak
rCorr   +          Rampage  .   (no gloves)
Will    .....                   (no boots)
Stlth   ++........              (no amulet)
HPRegen 0.19/turn               f - ring of resist corrosion
MPRegen 0.14/turn               r - ring of poison resistance

@: very slightly contaminated, heavily drained
A: breathe steam, AC +6, unfitting armour, cold-blooded, steam resistance
a: Breathe Steam


You were on level 6 of the Dungeon.
You visited 1 branch of the dungeon, and saw 6 of its levels.

You collected 228 gold pieces.

Inventory:

Hand Weapons
 p - the +12 quarterstaff of Goujaref (weapon) {venom, Dex+3}
   (You found it on level 4 of the Dungeon)

   It poisons the flesh of those it strikes.
   Dex:       It affects your dexterity (+3).
Armour
 u - a +0 cloak (worn)
Jewellery
 f - a ring of resist corrosion (left hand)
 r - a ring of poison resistance (right hand)
Wands
 n - a wand of polymorph (9)
 t - a wand of mindburst (8)
Scrolls
 b - a scroll of blinking
 c - 2 scrolls of enchant armour
 g - a scroll of magic mapping {unknown}
 h - a scroll of brand weapon {unknown}
 i - a scroll of immolation {unknown}
 k - a scroll of teleportation {unknown}
 l - a scroll of torment {unknown}
 q - 2 scrolls of enchant weapon
 s - a scroll of holy word {unknown}
Potions
 j - a potion of curing {unknown}
 m - a potion of invisibility {unknown}
 o - a potion of haste {unknown}
 v - a potion of cancellation {unknown}


   Skills:
 * Level 4.6 Fighting
 + Level 3.2 Dodging
 + Level 3.3 Stealth
 * Level 4.4 Spellcasting
 * Level 5.9 Conjurations
 + Level 1.5 Hexes
 + Level 1.7 Translocations
 + Level 2.2 Evocations


You had 4 spell levels left.
You knew the following spells:

 Your Spells              Type           Power      Damage    Failure   Level
a - Magic Dart            Conj           100%       1d8       1%          1
b - Searing Ray           Conj           58%        2d6       1%          2
c - Fulminant Prism       Conj/Hex       10%        3d9       26%         4
d - Iskenderun's Mystic   Conj/Tloc      20%        2d6       24%         4

Your spell library contained the following spells:

 Spells                   Type           Power      Damage    Failure   Level
 Dazzling Flash           Conj/Hex       40%        N/A       8%          3
 Alistair's Intoxication  Tmut/Pois      2%         N/A       97%         5
 Borgnjor's Vile Clutch   Necr/Erth      2%         N/A       97%         5
 Eringya's Noxious Bog    Tmut/Pois      2%         N/A       100%        6


Dungeon Overview and Level Annotations

Branches:
Dungeon (6/15)
 Temple: D:4-7

Altars:
Sif Muna

Shops:
D:1 =:


Innate Abilities, Weirdness & Mutations

You can breathe blasts of scalding, opaque steam.
Your pale cyan-grey scales are hard. (AC +6)
You cannot fit into any form of body armour.
You are cold-blooded and may be slowed by cold attacks.
You are immune to the effects of steam.


Message History

Deactivating autopickup; reactivate with Ctrl-A.
The wight hits you with a +3 flail!
You feel drained. The orc closely misses you.
The adder bites you but does no damage.
You sock the wight!
You tail-slap the wight, but do no damage.
The wight is severely damaged.
The wight barely misses you. The adder barely misses you.
A gnoll sergeant comes into view. It is wielding a +0 trident.
Casting: Searing Ray (safe; 1% risk of failure)
Confirm with . or Enter, or press ? or * to list all spells.
The spell is quite dangerous to miscast (24% risk of failure)!
Continue anyway?
You miscast Iskenderun's Mystic Blast.
You are very lightly contaminated with residual magic.
Nothing appears to happen.
The gnoll sergeant shouts!
The adder barely misses you. The wight hits you with a +3 flail!
You feel drained. The orc hits you but does no damage.
Something hits you but does no damage. The sky beast hits you.
The sky beast shocks you. The adder bites you.
A gnoll comes into view. It is wielding a +0 spear.
An orc wizard comes into view. It is wielding a +0 dagger.
The wight hits you with a +3 flail.
* * * LOW HITPOINT WARNING * * *
The orc barely misses you. The wight hits you with a +3 flail.
* * * LOW HITPOINT WARNING * * *
You feel drained.
* * * LOW HITPOINT WARNING * * *
The wight hits you with a +3 flail.
* * * LOW HITPOINT WARNING * * *
You feel drained.
* * * LOW HITPOINT WARNING * * *
The adder barely misses you.
You hear the slow hiss of an avalanche of sand nearby.
Casting: Iskenderun's Mystic Blast (quite dangerous; 24% risk of failure)
Confirm with . or Enter, or press ? or * to list all spells.
The spell is quite dangerous to miscast (24% risk of failure)!
Continue anyway?
You miscast Iskenderun's Mystic Blast.
Nothing appears to happen.
The adder bites you but does no damage. The wight hits you with a +3 flail!
You die...

####################
#.......##.........#######
#.......##................
#.......##......(.........
#.......##................
..#......Y.[................
........o..oS@..####..........
.......####gz...# #..........
....... ...###### ##.........
..#........ #......... .
#........ ...........
#.g...... ............
..g...... ......z..... ......
....#...##### .....###..


You could see a sky beast, a wight, an orc wizard, a gnoll, an adder and an orc.

Vanquished Creatures
  Menkaure (D:4)
  Duvessa (D:4)
  An ogre (D:5)
  Blork the orc (D:4)
  A kobold brigand (D:4)
  Dowan (D:4)
  4 wights
  A howler monkey (D:4)
  A hound (D:4)
  An iguana (D:5)
  Ijyb (D:4)
  Natasha (thrice) (D:4)
  3 orc wizards
  Terence (D:2)
  Robin (D:3)
  5 adders
  A white imp (D:5)
  An ufetubus (D:5)
  An adder skeleton (D:5)
  3 dart slugs
  4 orcs
  4 ball pythons
  7 endoplasms
  2 giant cockroaches
  11 hobgoblins
  2 jackals (D:5)
  2 quokkas
  2 bats (D:1)
  3 frilled lizards
  11 goblins
  5 kobolds
  4 rats
90 creatures vanquished.

Vanquished Creatures (others)
  6 plants (D:4)
6 creatures vanquished.

Grand Total: 96 creatures vanquished

Notes
Turn   | Place    | Note
-------+----------+-------------------------------------------
     0 | D:1      | Zeld the Draconian Conjurer began the quest for the Orb.
     0 | D:1      | Reached XP level 1. HP: 14/14 MP: 3/3
   155 | D:1      | Reached XP level 2. HP: 16/22 MP: 1/5
   446 | D:1      | Found Uphoc's Book Emporium.
   487 | D:1      | Reached skill level 1 in Fighting
   533 | D:1      | Found Ykadur's Jewellery Boutique.
   794 | D:1      | Learned a level 2 spell: Searing Ray
   854 | D:2      | Reached XP level 3. HP: 20/28 MP: 0/6
  1219 | D:2      | Noticed Terence
  1733 | D:2      | Killed Terence
  1734 | D:2      | Reached XP level 4. HP: 36/36 MP: 1/8
  2186 | D:3      | Noticed Robin
  2191 | D:3      | Killed Robin
  2219 | D:3      | Reached XP level 5. HP: 40/42 MP: 0/9
  3066 | D:4      | Noticed Ijyb
  3122 | D:4      | Killed Ijyb
  3335 | D:4      | Noticed Menkaure
  3347 | D:4      | Killed Menkaure
  3348 | D:4      | Reached skill level 5 in Conjurations
  3348 | D:4      | Reached XP level 6. HP: 51/51 MP: 1/11
  3353 | D:4      | Learned a level 4 spell: Fulminant Prism
  3358 | D:4      | Learned a level 4 spell: Iskenderun's Mystic Blast
  3425 | D:4      | Identified the +12 quarterstaff of Goujaref {venom, Dex+3}
  3425 | D:4      | Noticed Natasha
  3432 | D:4      | Killed Natasha
  3565 | D:4      | Noticed Natasha
  3577 | D:4      | Killed Natasha
  3578 | D:4      | Reached skill level 1 in Evocations
  3728 | D:4      | Noticed Natasha
  3741 | D:4      | Killed Natasha
  3870 | D:4      | Your scales start taking on a pale cyan-grey colour.
  3870 | D:4      | Reached XP level 7. HP: 53/57 MP: 12/12
  3870 | D:4      | Gained mutation: You are immune to the effects of steam.
                  | [Pale Draconian growth]
  4090 | D:4      | Noticed Duvessa
  4090 | D:4      | Noticed Dowan
  4408 | D:4      | Killed Duvessa
  4409 | D:4      | Reached skill level 1 in Translocations
  4410 | D:4      | Killed Dowan
  4411 | D:4      | Reached skill level 1 in Hexes
  4543 | D:4      | Noticed Blork the orc
  4556 | D:4      | Killed Blork the orc
  4563 | D:4      | Found a shimmering blue altar of Sif Muna.
  4859 | D:5      | Entered Level 5 of the Dungeon
  5987 | D:5      | Reached XP level 8. HP: 52/65 MP: 8/14
  6227 | D:6      | HP: 3/60 [wight/+3 flail (6)]
  6230 | D:6      | Mangled by a wight

Illustrated notes

Levels and vault maps discovered:
D:1:      minmay_arrival_arboretum_small, layout_basic, serial_shops, shop,
          nicolae_shop_hallway_stairs
D:2:      minmay_general_purpose_star, layout_loops_ring, uniq_terence
D:3:      layout_basic, uniq_robin
D:4:      layout_cave_pools, tgw_sif, serial_bayou, serial_bayou_shore_a,
          serial_bayou_lake_a, serial_bayou_crossing, serial_bayou_pond_a,
          uniq_menkaure, uniq_ijyb, uniq_natasha, uniq_duvessa
D:5:      nicolae_cairo_tiling_large, layout_gridville
D:6:      layout_basic, minmay_temple_entry_junction_2, enter_ossuary_5,
          uniq_eustachio

Skill      XL: |  1  2  3  4  5  6  7 |
---------------+----------------------+-----
Stealth        | 2 3 |  3.3
Fighting       | 1 2 3 4 |  4.6
Dodging        | 2 3 |  3.2
Spellcasting   | 3 4 |  4.4
Conjurations   | 5 |  5.9
Evocations     | 1 2 |  2.2
Translocations | 1 |  1.7
Hexes          | 1 |  1.5

Action                   |  1- 3 |  4- 6 |  7- 9 || total
-------------------------+-------+-------+-------++-------
Melee: Unarmed           |     8 |    54 |       ||    62
       Tailslap          |     3 |     2 |     3 ||     8
       Quarterstaff      |       |    20 |    20 ||    40
 Cast: Magic Dart        |    57 |    46 |     3 ||   106
       Searing Ray       |     5 |    11 |    17 ||    33
       Iskenderun's Myst |       |       |     4 ||     4
 Abil: Breathe Steam     |       |       |     3 ||     3
  Use: Scroll            |       |       |     5 ||     5
 Stab: Sleeping          |       |       |     1 ||     1
Armor: Skin              |     4 |    16 |    15 ||    35
Dodge: Dodged            |    18 |    73 |    46 ||   137
